 Dungeon Crawl Stone Soup version 0.30-a0-672-gc3a7216ad8 (webtiles) character file.

Game seed: 9588020623882880962

92 dr0g0th the Trooper (level 4, -5/37 HPs)
             Began as a Demonspawn Fighter on Jan 18, 2023.
             Slain by a hobgoblin
             ... wielding a +0 hand axe of electrocution
             ... led by Robin
              (7 damage)
             ... on level 2 of the Dungeon.
             The game lasted 00:01:17 (1157 turns).

dr0g0th the Trooper (Demonspawn Fighter)            Turns: 1157, Time: 00:01:17

Health: -5/37      AC:  8    Str: 16 (18) XL:     4   Next: 35%
Magic:  4/4        EV:  8    Int:  6 (9)  God:
Gold:   126        SH:  4    Dex: 11 (13) Spells: 3/3 levels left

rFire   . . .      SeeInvis .    a - +0 trident
rCold   . . .      Faith    .    c - +0 buckler
rNeg    . . .      Spirit   .    b - +0 scale mail
rPois   .          Reflect  .    (no helmet)
rElec   .          Harm     .    (no cloak)
rCorr   .          Rampage  .    (no gloves)
Will    .....                    (no boots) Stlth
                                 (no amulet)
HPRegen 0.26/turn                (no ring)
MPRegen 0.09/turn                (no ring)

@: about to teleport, attractive
A: icy blue scales 1, ignite blood 1
a: no special abilities


You were on level 2 of the Dungeon.
You visited 1 branch of the dungeon, and saw 2 of its levels.

You collected 126 gold pieces.

Inventory:

Hand Weapons
 a - a +0 trident (weapon)
Armour
 b - a +0 scale mail (worn)
 c - a +0 buckler (worn)
Scrolls
 f - a scroll of identify {unknown}
 i - a scroll of torment {unknown}


   Skills:
 + Level 3.7 Fighting
 + Level 2.6 Polearms
 + Level 3.4 Armour
 + Level 3.1 Shields


You had 3 spell levels left.
You didn't know any spells.
Your spell library was empty.

Dungeon Overview and Level Annotations

Branches:
Dungeon (2/15)

Altars:

Annotations:
D:2 Robin


Innate Abilities, Weirdness & Mutations

You are partially covered in icy blue scales. (AC +2)
Your demonic aura sometimes causes spilled blood to erupt in flames.


Message History

The ball python bites you. The ball python constricts you.
The goblin hits you but does no damage.
The ball python bites you but does no damage.
The ball python constricts you.
You puncture the ball python!
You kill the ball python!
The goblin hits you but does no damage.
You closely miss the goblin. The goblin hits you but does no damage.
The hobgoblin hits you with a +0 hand axe of electrocution.
You hit the goblin but do no damage. The goblin closely misses you.
The hobgoblin hits you with a +0 hand axe of electrocution!
The hobgoblin hits you but does no damage.
You block the goblin's attack.
You are too injured to fight recklessly!
You are too injured to fight recklessly!
You are too injured to fight recklessly!
You are too injured to fight recklessly!
Sorry, you're not good enough to have a special ability.
It was a potion of curing.
You feel better. You block the goblin's attack.
The hobgoblin hits you with a +0 hand axe of electrocution!
You are electrocuted!
* * * LOW HITPOINT WARNING * * *
It was a potion of degeneration.
There was something very wrong with that liquid.
You feel weakened.
You feel dopey.
You feel clumsy.
The hobgoblin no longer looks unusually strong.
You block the goblin's attack.
The hobgoblin hits you but does no damage.
It was a potion of attraction.
You feel attractive to monsters. The goblin hits you with a +0 dagger.
* * * LOW HITPOINT WARNING * * *
The hobgoblin hits you but does no damage.
Robin roars a battlecry!
The hobgoblin goes into a battle-frenzy!
As you read the scroll labelled HIT DER WOITI, it crumbles to dust.
You feel strangely unstable.
It was a scroll of teleportation.
The goblin closely misses you.
The hobgoblin hits you with a +0 hand axe of electrocution!
You die... . .. .gK ### .... #.######r.... #ggggggKB....

#@##..gg#... ♣..
###..#### ...
##..## ##..#
#..## #....
##.## #...
##.†######
#..##...........
#
#.....########..
..###....##
####...


You could see Robin, a giant cockroach, 2 hobgoblins, 3 goblins, a kobold and a
rat.

Vanquished Creatures
  Natasha (twice) (D:1)
  A worm (D:1)
  A dart slug (D:1)
  3 ball pythons
  5 bats (D:1)
  5 endoplasms
  4 goblins (D:2)
  6 hobgoblins
  5 kobolds
  2 frilled lizards
  5 rats
39 creatures vanquished.

Notes
Turn   | Place    | Note
-------+----------+-------------------------------------------
     0 | D:1      | dr0g0th the Demonspawn Fighter began the quest for the Orb.
     0 | D:1      | Reached XP level 1. HP: 18/18 MP: 1/1
   179 | D:1      | Gained mutation: Your demonic aura sometimes causes spilled
                  | blood to erupt in flames. [demonic ancestry]
   179 | D:1      | Reached XP level 2. HP: 24/24 MP: 2/2
   394 | D:2      | Noticed Natasha
   412 | D:1      | Killed Natasha
   413 | D:1      | Reached XP level 3. HP: 16/29 MP: 3/3
   759 | D:1      | Noticed Natasha
   763 | D:1      | Killed Natasha
   764 | D:1      | Gained mutation: You are partially covered in icy blue
                  | scales. (AC +2) [demonic ancestry]
   764 | D:1      | Reached XP level 4. HP: 28/36 MP: 4/4
  1127 | D:2      | Noticed Robin
  1156 | D:2      | HP: 1/37 [goblin/+0 dagger[Robin] (5)]
  1157 | D:2      | Slain by a hobgoblin

Illustrated notes

Levels and vault maps discovered:
D:1:      sevenhm_arrival_forest_fort_small_3, layout_basic,
          nrook_loot_triangle, minmay_misc_feat_five
D:2:      layout_rooms, uniq_crazy_yiuf_cottage, uniq_natasha, uniq_robin

Skill      XL: |  1  2 |
---------------+-------+-----
Polearms       | 2 |  2.6
Armour         | 3 |  3.4
Shields        | 3 |  3.1
Fighting       | |  3.7

Action                   |  1- 3 |  4- 6 || total
-------------------------+-------+-------++-------
Melee: Trident           |    66 |    53 ||   119
  Use: Potion            |     1 |     3 ||     4
       Scroll            |       |     1 ||     1
Armor: Scale mail        |    25 |    39 ||    64
Dodge: Dodged            |    19 |    31 ||    50
Block: Buckler           |     6 |    20 ||    26

Table legend: (Time is in decaauts)
 A = Elapsed time spent in this place.
 B = Non-inter-level travel time spent in this place.
 C = Inter-level travel time spent in this place.
 D = Time resting spent in this place.
 E = Time spent auto-exploring this place.
 F = Levels seen in this place.
 G = Mean time per level.
                   A        B        C        D        E       F      G
               +--------+--------+--------+--------+--------+-----+--------+
         Total |   1192 |   1134 |     58 |      0 |    885 |   2 |  596.0 |
       Dungeon |   1192 |   1134 |     58 |      0 |    885 |   2 |  596.0 |
               +--------+--------+--------+--------+--------+-----+--------+

Top non-repeatable levels by time:
     D:1: 868 daAuts
     D:2: 324 daAuts
